Map: Lock & Load

Players

DarKmaTTer

  • Race: Zerg Zerg
  • Spawn Location: 6:00

NamroodTuo

  • Race: Terran Terran
  • Spawn Location: 7:00

VOD

Have the link to the VOD?

Description

Time

  • Played on: Feb. 10, 2023, 5:47 a.m.
  • Length: 26:31
Show
View Real Time Build Order
Export as new Build Order

DarKmaTTer Zerg 

Build Orders:  

Get SALT Encoding   

  12  0:30  Overlord x2  
  12  0:48  Drone x2  
  14  1:08  Drone x2  
  14  1:09  Drone x3  
  19  1:49  Hatchery  
  18  2:02  Drone x3  
  18  2:03  Drone x2  
  23  2:29  Evolution Chamber  
  22  2:41  Roach Warren  
  22  2:42  Drone x2  
  23  2:51  Extractor  
  23  2:55  Extractor  
  21  3:13  Drone  
  21  3:14  Drone x2  
  21  3:18  Drone  
  21  3:19  Drone x2  
  27  3:48  Roach x3  
  27  3:49  Roach  
  35  4:00  Overlord  
  35  4:01  Overlord x2  
  35  4:34  Lair  
  35  4:38  Roach x2  
  35  4:39  Roach  
  41  5:12  Roach x4  
  49  5:25  Drone  
  49  5:26  Drone  
  51  5:44  Spire  
  51  5:47  Roach x2  
  51  5:48  Roach x5  
  50  5:53  Infestation Pit  
  49  6:05  Ravager x2  
  49  6:06  Ravager x5  
  56  6:32  Drone x3  
  56  6:45  Roach  
  56  6:46  Roach x3  
  56  7:03  Ravager  
  56  7:04  Ravager x3  
  56  7:06  Hatchery  
  59  7:10  Extractor  
  59  7:18  Extractor  
  57  7:40  Overlord x2  
  57  7:41  Overlord  
  57  7:46  Drone  
  57  7:47  Drone x2  
  60  7:59  Drone x2  
  62  8:00  Drone  
  63  9:05  Drone x2  
  63  9:06  Drone x3  
  63  9:07  Drone x4  
  72  9:17  Drone x4  
  72  9:18  Drone x4  
  72  9:19  Drone  
  81  9:40  Overlord x3  
  81  9:41  Overlord x3  
  81  9:50  Ventral Sacs  
  81  9:55  Overseer x2  
  81  10:20  Mutalisk x4  
  81  10:21  Mutalisk x2  
  93  10:47  Unknown  
  93  10:49  Hive  
  93  10:55  Glial Reconstitution  
  93  11:00  Greater Spire  
  93  11:01  Zerg Missile Weapons Level 1  
  93  11:15  Lair  
  93  11:20  Drone x3  
  96  11:31  Spine Crawler  
  96  11:35  Drone  
  96  11:38  Spine Crawler  
  96  11:39  Spine Crawler  
  94  11:40  Spine Crawler  
  93  11:58  Mutalisk x5  
  93  11:59  Mutalisk x3  
  109  12:11  Tunneling Claws  
  109  12:53  Zerg Ground Armor Level 1  
  105  13:47  Mutalisk x3  
  105  13:48  Mutalisk  
  105  13:49  Mutalisk x3  
  105  13:58  Swarm Host x2  
  105  13:59  Swarm Host x2  
  117  14:01  Mutalisk  
  117  14:02  Mutalisk x4  
  117  14:07  Devourer x3  
  127  14:12  Guardian x3  
  127  14:13  Guardian  
  127  14:27  Overlord x4  
  127  14:28  Overlord x2  
  127  14:36  Roach x5  
  129  15:16  Ravager  
  127  15:20  Brutalisk  
  126  15:40  Mutalisk x2  
  126  15:41  Mutalisk x5  
  126  15:42  Mutalisk x2  
  144  16:42  Zerg Flyer Weapons Level 1  
  144  16:49  Mutalisk x2  
  144  16:50  Mutalisk x2  
  144  16:59  Overlord x2  
  144  17:00  Overlord x2  
  144  17:04  Overseer x2  
  144  17:08  Devourer x2  
  144  17:14  Guardian x2  
  144  18:32  Mutalisk x3  
  144  18:33  Mutalisk x3  
  144  18:34  Zerg Flyer Armor Level 1, Mutalisk  
  158  18:56  Roach x3  
  158  18:57  Roach x4  
  158  18:58  Roach x2  
  176  19:27  Roach  
  176  19:28  Roach x4  
  176  19:29  Roach x5  
  176  19:30  Roach x4  
  176  19:45  Ravager  
  176  19:46  Ravager x4  
  176  19:47  Ravager x5  
  176  19:48  Ravager x4  
  188  20:26  Rapid Regeneration  
  182  21:05  Devourer  
  182  21:08  Vicious Glave  
  180  21:15  Leviathan  
  176  21:50  Drone x3  
  176  21:57  Mutalisk  
  177  22:11  Sundering Glave  
  172  22:25  Leviathan  
  172  22:26  Mutalisk  
  172  22:27  Mutalisk x6  
  172  22:28  Mutalisk x2  
  190  22:36  Hatchery  
  189  22:40  Extractor  
  189  22:42  Extractor  
  187  23:05  Drone  
  187  23:06  Drone  
  187  23:07  Drone  
  190  23:16  Drone  
  190  23:17  Drone x3  
  194  23:51  Drone x2  
  194  23:52  Drone x2  
  195  24:20  Devourer  
  195  24:30  Leviathan  
  193  24:46  Drone x5  
  193  24:47  Drone x2  
  194  25:42  Drone x4  
  194  25:43  Drone  
Show
View Real Time Build Order
Export as new Build Order

NamroodTuo Terran 

Build Orders:  

Get SALT Encoding   

  12  0:03  SCV  
  13  0:16  SCV  
  14  0:31  Supply Depot  
  14  0:34  SCV  
  15  0:49  Supply Depot  
  15  0:57  SCV  
  16  1:10  SCV  
  17  1:24  SCV  
  17  1:29  Factory  
  18  1:37  SCV  
  19  1:51  SCV  
  20  2:10  Refinery  
  20  2:12  Refinery  
  20  2:19  SCV  
  21  2:23  Engineering Bay  
  21  2:33  SCV  
  22  2:46  SCV  
  23  2:51  Armory  
  23  3:00  SCV  
  24  3:11  Spinning Dizzy  
  24  3:13  SCV  
  25  3:29  SCV  
  26  3:38  Spinning Dizzy  
  26  3:42  SCV  
  26  3:44  Upgrade Laser Drill Level 1  
  27  3:56  SCV  
  28  4:09  SCV  
  29  4:27  Advanced Optics  
  29  4:36  Factory  
  29  4:37  Factory Tech Reactor  
  29  4:43  SCV  
  30  5:18  Perdition Turret  
  30  5:39  Supply Depot  
  30  5:40  Supply Depot  
  30  5:42  SCV, Supply Depot  
  30  5:43  Perdition Turret  
  31  5:58  SCV  
  32  6:04  Spinning Dizzy  
  32  6:12  SCV  
  33  6:25  Perdition Turret  
  33  6:27  Regenerative Bio-Steel  
  33  6:49  Command Center  
  33  7:01  Devastation Turret  
  33  7:18  Upgrade Laser Drill Level 2  
  33  7:29  Perdition Turret  
  33  7:46  Spinning Dizzy  
  33  7:57  Perdition Turret, Terran Vehicle and Ship Weapons Level 1  
  33  8:02  Supply Depot  
  33  8:08  Perdition Turret  
  33  8:10  SCV  
  34  8:23  SCV  
  35  8:33  Factory Tech Reactor  
  35  8:37  SCV  
  36  8:41  SCV  
  36  8:42  Perdition Turret  
  36  8:43  Perdition Turret  
  37  8:50  SCV  
  38  9:01  Refinery  
  38  9:04  SCV  
  38  9:05  Refinery  
  39  9:18  SCV  
  40  9:31  SCV  
  41  9:44  Spinning Dizzy  
  41  9:45  SCV  
  41  9:47  Perdition Turret  
  42  9:58  SCV  
  43  10:06  Perdition Turret  
  43  10:12  SCV, Starport  
  44  10:25  SCV  
  45  10:37  Terran Vehicle And Ship Armor Level 1  
  45  10:39  SCV  
  46  10:44  Thor  
  46  10:45  Thor  
  58  10:52  SCV x2  
  60  11:01  Supply Depot x2  
  60  11:05  Starport Tech Reactor  
  60  11:06  SCV x2  
  62  11:26  Supply Depot  
  62  11:30  Thor  
  62  11:33  Supply Depot  
  62  11:35  Science Vessel  
  70  11:56  SCV  
  71  12:01  Supply Depot  
  71  12:10  SCV  
  72  12:22  Science Vessel, Supply Depot  
  72  12:23  SCV  
  72  12:26  Supply Depot  
  75  12:37  SCV  
  76  12:50  SCV  
  76  12:54  Supply Depot  
  77  13:17  Terran Vehicle and Ship Weapons Level 2  
  77  13:58  Science Vessel x2  
  81  14:06  Thor x2  
  93  14:10  330mm Barrage Cannon  
  93  14:18  KMC Auto-Loaders  
  93  14:32  Thor  
  99  14:44  Perdition Turret  
  99  14:46  Science Vessel x2  
  103  15:48  Structure Armor  
  103  16:27  Terran Vehicle And Ship Armor Level 2  
  103  16:47  Science Vessel x2  
  103  16:48  Hi-Sec Auto Tracking  
  103  16:49  Thor x4  
  131  16:57  Supply Depot  
  131  17:19  Supply Depot  
  131  17:20  Supply Depot  
  131  17:37  Thor x2  
  143  17:48  Fire-Suppression Systems  
  143  17:52  Supply Depot x2  
  143  18:25  Supply Depot x2  
  143  18:57  Supply Depot  
  143  19:47  Terran Vehicle And Ship Armor Level 3  
  143  20:02  Perdition Turret  
  143  20:03  Perdition Turret  
  143  20:45  Thor x2, Siege Tank  
  143  20:46  Thor  
  164  20:54  Science Vessel  
  166  21:21  Thor  
  172  21:33  Thor x2  
  172  21:34  Thor  
  190  24:10  Thor  
Tags
 
Commander
AbathurSwann
Matchup
Co-op
Replay Pack
Multiplayer
Add a new tag
Caveats
  • Supply blocks, unpowered buildings, or Contaminate may cause inaccurate times.
  • Supply counts are checked every 10 seconds.